 Dungeon Crawl Stone Soup version 0.22-a0-458-gb446440d2e (webtiles) character file.

1453 mrRosa the Sneak (level 8, -1/41 HPs)
             Began as a Deep Elf Wizard on June 8, 2018.
             Was a Follower of Vehumet.
             Slain by a hippogriff (3 damage)
             ... on level 8 of the Dungeon.
             The game lasted 00:51:52 (8005 turns).

mrRosa the Sneak (Deep Elf Wizard)                  Turns: 8005, Time: 00:51:53

Health: -1/41      AC:  8    Str:  4    XL:     8   Next: 47%
Magic:  11/17      EV: 15    Int: 26    God:    Vehumet [*.....]
Gold:   371        SH:  0    Dex: 13    Spells: 5/16 levels left

rFire    . . .     SeeInvis .   y - +3 dagger (venom)
rCold    . . .     Gourm    .   (no shield)
rNeg     . . .     Faith    .   J - +2 robe {MR+}
rPois    .         Spirit   .   b - +1 hat
rElec    .         Reflect  .   (no cloak)
rCorr    .         Harm     .   (no gloves)
MR       +....                  (no boots)
Stlth    ++++......             D - amulet of magic regeneration
HPRegen  0.13/turn              F - +3 ring of protection
MPRegen  0.40/turn              G - ring of stealth

@: very slightly contaminated
A: no striking features
a: Renounce Religion


You were on level 8 of the Dungeon.
You worshipped Vehumet.
Vehumet was aware of your devotion.
You were very hungry.

You visited 2 branches of the dungeon, and saw 9 of its levels.

You collected 371 gold pieces.

Inventory:

Hand Weapons
 h - a -1 dagger
 q - a +0 dagger
 r - a +0 short sword
 s - a +0 dagger
 u - a +0 dagger
 x - a +0 long sword
 y - a +3 dagger of venom (weapon)
Armour
 a - a +0 robe
 b - a +1 hat (worn)
 g - a +1 robe of cold resistance
 j - a +0 robe
 H - a +0 helmet
 J - a +2 robe of magic resistance (worn)
Jewellery
 c - an uncursed ring of positive energy
 l - an uncursed amulet of the gourmand
 t - an uncursed ring of stealth
 z - an uncursed amulet of guardian spirit {unknown}
 C - a +3 ring of strength
 D - an amulet of magic regeneration (around neck)
 F - a +3 ring of protection (left hand)
 G - a ring of stealth (right hand)
 K - a cursed ring of loudness {unknown}
Wands
 I - a wand of random effects (37)
Scrolls
 i - 5 scrolls of teleportation
 n - 2 scrolls of identify
 o - a scroll of blinking
 A - 5 scrolls of remove curse
 B - a scroll of fog
 E - a scroll of vulnerability {unknown}
 L - a scroll of magic mapping
Potions
 e - a potion of berserk rage
 f - 4 potions of curing
 k - a potion of magic
 p - 3 potions of heal wounds
 v - 4 potions of haste
 w - a potion of ambrosia
Comestibles
 d - 12 rations


   Skills:
 + Level 3.1 Short Blades
 - Level 6.3 Dodging
 + Level 6.9 Stealth
 - Level 4.7 Spellcasting
 - Level 5.1 Conjurations
 - Level 1.5 Summonings
 - Level 1.1 Translocations
 * Level 3.8 Air Magic
 - Level 2.6 Poison Magic


You had 5 spell levels left.
You knew the following spells:

 Your Spells              Type           Power        Failure   Level  Hunger
a - Magic Dart            Conj           ####         1%          1    None
b - Blink                 Tloc           N/A          8%          2    None
c - Call Imp              Summ           ##......     6%          2    None
d - Mephitic Cloud        Conj/Pois/Air  ####....     4%          3    ##.....
e - Conjure Flame         Conj/Fire      ###.....     9%          3    ##.....

Your spell library contained the following spells:

 Spells                   Type           Power        Failure   Level  Hunger
 Slow                     Hex            #.......     12%         2    None


Dungeon Overview and Level Annotations

Branches:
Dungeon (8/15)             Temple (1/1) D:4
   Lair: D:8-11

Altars:
Cheibriados
Gozag
Kikubaaqudgha
Okawaru
Qazlal
Vehumet
Xom

Shops:
D:5 !

Annotations:
D:2 Sigmund
D:5 Menkaure
D:6 Prince Ribbit


Message History

Okay, then.
Blink to where?
Press: ? - help, Dir - move target cursor
As you read the scroll of blinking, it crumbles to dust.
The hippogriff bites you!
* * * LOW HITPOINT WARNING * * *
The hippogriff misses you. The hippogriff claws you.
* * * LOW HITPOINT WARNING * * *
The orc misses you.
As you read the scroll of fear, it crumbles to dust.
You assume a fearsome visage.
The orc looks frightened! x2
The orc shouts!
The orc looks frightened! x2; The orc priest looks frightened!
The hippogriff resists with some effort.
The worker ant looks frightened!
The hippogriff bites you.
* * * LOW HITPOINT WARNING * * *
The hippogriff pecks you.
* * * LOW HITPOINT WARNING * * *
The hippogriff claws you.
You die...

########
#..Y.Ya#
######.#
#.# #ยง#
#.# #o#
#H# #@#
#o# #o#
#o# #o#
#.# #.#
#.# #a#


You could see a hippogriff, an ice beast, a worker ant (fleeing), an orc priest
(fleeing) and 4 orcs.

Vanquished Creatures
  Pikel (D:7)
  A centaur zombie (D:7)
  Duvessa (D:7)
  A phantom (D:3)
  An orc warrior (D:6)
  A sky beast (D:7)
  A slave (D:7)
  2 ogres (D:7)
  2 bullfrogs (D:6)
  Dowan (D:7)
  A worker ant (D:5)
  An adder (D:6)
  An ooze (D:4)
  2 adder skeletons (D:4)
  2 dart slugs (D:1)
  10 leopard geckos
  7 orcs
  3 giant cockroaches
  5 hobgoblins
  3 kobolds
  5 quokkas
  2 ball pythons
  10 bats
  2 frilled lizards (D:2)
  7 goblins
  A leopard gecko skeleton (D:4)
  7 rats
81 creatures vanquished.

Vanquished Creatures (collateral kills)
  A scorpion (D:5)
  A centaur zombie (D:6)
  An orc wizard (D:4)
  A worker ant (D:7)
  A hound zombie (D:5)
  A mummy (D:4)
  5 adders
  A shadow imp (D:7)
  6 worms
  A dart slug (D:4)
  3 orcs
  A giant cockroach (D:4)
  6 goblins (D:3)
  2 hobgoblins (D:3)
  A quokka skeleton (D:5)
  A butterfly (D:8)
33 creatures vanquished.

Vanquished Creatures (others)
  Robin (D:3)
  A leopard gecko (D:7)
2 creatures vanquished.

Grand Total: 116 creatures vanquished

Notes
Turn   | Place    | Note
-------+----------+-------------------------------------------
     0 | D:1      | mrRosa the Deep Elf Wizard began the quest for the Orb.
     0 | D:1      | Reached XP level 1. HP: 10/10 MP: 7/7
   198 | D:1      | Reached XP level 2. HP: 4/15 MP: 1/9
   496 | D:1      | Learned a level 2 spell: Blink
   499 | D:1      | Learned a level 2 spell: Call Imp
  1315 | D:2      | Reached XP level 3. HP: 11/19 MP: 1/11
  1467 | D:2      | Learned a level 3 spell: Mephitic Cloud
  1744 | D:2      | Found an opulent altar of Gozag.
  1853 | D:2      | Noticed Sigmund
  2184 | D:3      | Reached skill level 1 in Poison Magic
  2339 | D:3      | Reached skill level 1 in Air Magic
  2355 | D:3      | Reached XP level 4. HP: 24/24 MP: 7/12
  2396 | D:3      | Noticed a phantom
  2675 | D:3      | Killed a phantom
  2675 | D:3      | Reached skill level 1 in Short Blades
  2790 | D:3      | Noticed Robin
  2837 | D:3      | Killed Robin
  2917 | D:3      | Reached XP level 5. HP: 20/28 MP: 9/14
  2992 | D:3      | Found a radiant altar of Vehumet.
  2999 | D:3      | Became a worshipper of Vehumet
  3094 | D:4      | Learned a level 3 spell: Conjure Flame
  3805 | D:4      | Found a staircase to the Ecumenical Temple.
  3863 | Temple   | Entered the Ecumenical Temple
  4037 | D:5      | Entered Level 5 of the Dungeon
  4192 | D:5      | Reached * piety under Vehumet
  4192 | D:5      | Offered knowledge of Freeze by Vehumet.
  4280 | D:5      | Found Wuukk's Distillery.
  4373 | D:5      | Noticed Menkaure
  4526 | D:5      | Found an iron altar of Okawaru.
  4584 | D:5      | Reached XP level 6. HP: 27/32 MP: 15/15
  4859 | D:5      | Found an ancient bone altar of Kikubaaqudgha.
  5362 | D:6      | Noticed Prince Ribbit
  5421 | D:6      | Found a snail-covered altar of Cheibriados.
  6028 | D:6      | Noticed an orc warrior
  6055 | D:6      | Killed an orc warrior
  6409 | D:6      | Noticed a yak
  6409 | D:6      | Noticed a yak
  6416 | D:6      | Noticed a yak
  6491 | D:7      | Noticed a slave
  6491 | D:7      | Noticed a slave
  6611 | D:7      | Found a shimmering altar of Xom.
  6641 | D:7      | Reached XP level 7. HP: 27/36 MP: 14/16
  6796 | D:7      | Noticed Dowan
  6797 | D:7      | Noticed Duvessa
  6842 | D:7      | Reached skill level 5 in Stealth
  6977 | D:7      | Noticed Pikel
  7007 | D:7      | Killed Pikel
  7007 | D:7      | Reached skill level 5 in Dodging
  7181 | D:7      | Reached skill level 5 in Conjurations
  7181 | D:7      | Reached XP level 8. HP: 31/41 MP: 12/17
  7206 | D:7      | Found a stormy altar of Qazlal.
  7346 | D:7      | Killed Duvessa
  7372 | D:7      | Killed Dowan
  7638 | D:7      | Found a stormy altar of Qazlal.
  7887 | D:8      | Noticed a hippogriff
  8005 | D:8      | HP: 2/41 [hippogriff (5)]
  8005 | D:8      | Slain by a hippogriff

Vault maps used:
D:1:      tarquinn_simple_flora_water_d
D:2:      nicolae_gozag_seed_capital, first_ration, uniq_sigmund
D:3:      overflow_temple_1_default, serial_bayou_pond_b, uniq_robin
D:4:      minmay_temple_entry_mist, gup_ossuary_entry_pyramid,
          hangedman_feature_mirror, nrook_loot_triangle
D:5:      kiku_gazebo_pond_becter, lemuel_round_altar, serial_shops, shop,
          uniq_menkaure
D:6:      kennysheep_mini, uniq_prince_ribbit1
D:7:      lemuel_round_altar, xom_butterflies, lemuel_tele_altar, uniq_duvessa,
          uniq_pikel
D:8:      lemuel_round_altar, marbit_many_paths, erik_lair_island
Temple:   minmay_temple_bridge_abc

Skill      XL: |  1  2  3  4  5  6  7  8 |
---------------+-------------------------+-----
Conjurations   | 2 3 5 |  5.1
Stealth        | 3 4 6 |  6.9
Poison Magic   | 1 2 |  2.6
Air Magic      | 1 2 3 |  3.8
Short Blades   | 1 2 3 |  3.1
Dodging        | 3 6 |  6.3
Spellcasting   | |  4.7
Summonings     | |  1.5
Translocations | |  1.1

Action                   |  1- 3 |  4- 6 |  7- 9 || total
-------------------------+-------+-------+-------++-------
Melee: Unarmed           |     1 |       |       ||     1
       Dagger            |     1 |    22 |    22 ||    45
 Cast: Magic Dart        |    80 |    79 |    15 ||   174
       Call Imp          |    20 |    64 |    25 ||   109
       Mephitic Cloud    |       |     2 |     7 ||     9
       Conjure Flame     |       |       |     2 ||     2
       Blink             |       |       |     3 ||     3
  Use: Scroll            |       |    15 |     4 ||    19
 Stab: Distracted        |       |     2 |       ||     2
       Sleeping          |       |     2 |       ||     2
       Confused          |       |     1 |       ||     1
  Eat: Chunk             |     4 |    16 |       ||    20
       Ration            |       |       |     1 ||     1
Armor: Robe              |     5 |    12 |     4 ||    21
Dodge: Dodged            |    25 |    33 |    20 ||    78

Table legend:
 A = Spawn XP
 B = Non-spawn XP
 C = Spawn XP percentage of total XP
 D = Spawn monster count
 E = Non-spawn monster count
 F = Spawn count percentage of total count
 G = Total turns spent on level
                    A         B        C        D         E        F      G
               +---------+---------+-------+---------+---------+-------+---------
         Total |       0 |    2077 |   0.0 |       0 |     113 |   0.0 |  8005
               +---------+---------+-------+---------+---------+-------+---------
           D:1 |       0 |      27 |   0.0 |       0 |      13 |   0.0 |   948
           D:2 |       0 |      38 |   0.0 |       0 |      17 |   0.0 |   917
           D:3 |       0 |     138 |   0.0 |       0 |      32 |   0.0 |  1163
           D:4 |       0 |      97 |   0.0 |       0 |      19 |   0.0 |  1007
           D:5 |       0 |     120 |   0.0 |       0 |      13 |   0.0 |  1265
           D:6 |       0 |     302 |   0.0 |       0 |       9 |   0.0 |  1140
           D:7 |       0 |    1355 |   0.0 |       0 |      10 |   0.0 |  1476
               +---------+---------+-------+---------+---------+-------+---------
